 Dungeon Crawl Stone Soup version 0.30-a0-165-g1891117ce2 (webtiles) character file.

Game seed: 6195833938551707047

1795 CertainDeath the Cleaver (level 9, 0/79 HPs)
             Began as a Ghoul Gladiator on Sept 28, 2022.
             Was an Initiate of Gozag.
             Slain by a killer bee (4 damage)
             ... on level 6 of the Dungeon.
             The game lasted 00:15:43 (5155 turns).

CertainDeath the Cleaver (Ghoul Gladiator)          Turns: 5155, Time: 00:15:44

Health: 0/79       AC: 10    Str: 26    XL:     9   Next: 9%
Magic:  8/8        EV:  9    Int:  5    God:    Gozag
Gold:   202        SH:  5    Dex: 10    Spells: 8/8 levels left

rFire   . . .      SeeInvis .    a - +1 war axe
rCold   + . .      Faith    .    (no shield)
rNeg    + + +      Spirit   .    o - +0 chain mail
rPois   ∞          Reflect  +    c - +0 helmet
rElec   .          Harm     .    (no cloak)
rCorr   +          Rampage  .    (no gloves)
Will    .....                    (no boots)
Stlth   ..........               u - amulet of reflection
HPRegen 0.00/turn                d - ring of resist corrosion
MPRegen 0.11/turn                z - +6 ring of strength

@: inhibited regen
A: claws 1, cold resistance 1, negative energy resistance 3, inhibited
regeneration, torment resistance 2, devour on kill
a: Renounce Religion, Potion Petition, Call Merchant, Bribe Branch


You were on level 6 of the Dungeon.
You worshipped Gozag.
Gozag was aware of your devotion.
You visited 2 branches of the dungeon, and saw 8 of its levels.

You collected 419 gold pieces.
You spent 152 gold pieces at shops.
You paid 65 gold pieces to Gozag.

Inventory:

Hand Weapons
 a - a +1 war axe (weapon)
Missiles
 e - a javelin (quivered)
 i - 6 poisoned darts
 s - a throwing net
Armour
 c - a +0 helmet (worn)
 o - a +0 chain mail (worn)
Jewellery
 d - a ring of resist corrosion (left claw)
 u - an amulet of reflection (around neck)
 z - a +6 ring of strength (right claw)
Wands
 r - a wand of paralysis (9)
 v - a wand of flame (21)
Scrolls
 f - 2 scrolls of magic mapping
 g - a scroll of vulnerability
 h - a scroll of blinking
 m - 3 scrolls of enchant weapon
 p - a scroll of identify
 q - 2 scrolls of fog
 y - a scroll of teleportation
Potions
 b - 4 potions of curing
 j - a potion of heal wounds
 k - a potion of flight
 l - a potion of attraction
 n - a potion of berserk rage
 t - 6 potions of cancellation
 w - a potion of resistance
 x - a potion of might


   Skills:
 + Level 7.1 Fighting
 * Level 8.7 Axes
 - Level 1.7 Throwing
 - Level 2.6 Armour
 - Level 2.6 Dodging


You had 8 spell levels left.
You didn't know any spells.
Your spell library contained the following spells:

 Spells                   Type           Power      Damage    Failure   Level
 Sandblast                Erth           0%         2d4       98%         1
 Blink                    Tloc           0%         N/A       99%         2
 Momentum Strike          Conj/Tloc      0%         3d8       99%         2
 Lesser Beckoning         Tloc           0%         N/A       100%        3
 Stone Arrow              Conj/Erth      0%         3d7       100%        3
 Animate Armour           Summ/Erth      0%         N/A       100%        4
 Yara's Violent Unravell  Hex/Tmut       0%         3d3       100%        5
 Iron Shot                Conj/Erth      0%         9d1       100%        6
 Lehudib's Crystal Spear  Conj/Erth      0%         10d2      100%        8
 Blade Hands              Tmut           Unusable   N/A       N/A         5

Dungeon Overview and Level Annotations

Branches:
Dungeon (7/15)             Temple (1/1) D:5

Altars:
Ashenzari
Cheibriados
Fedhas
Gozag
Hepliaklqana
Kikubaaqudgha
Makhleb
Nemelex Xobeh
Ru
Vehumet
Wu Jian
Xom

Shops:
D:4 *([?*


Innate Abilities, Weirdness & Mutations

You are immune to poison.
You have sharp fingernails.
Your flesh is cold resistant. (rC+)
You are immune to negative energy. (rN+++)
You do not regenerate when monsters are visible.
You are immune to unholy pain and torment.
You thrive by killing the living.


Message History

You hit the killer bee.
The killer bee is moderately wounded.
The killer bee stings you.
* * * LOW HITPOINT WARNING * * *
The killer bee barely misses you.
You miss the killer bee.
The killer bee is moderately wounded.
The killer bee stings you but does no damage. x2
You barely miss the killer bee.
The killer bee is moderately wounded.
The killer bee stings you but does no damage. x3
You miss the killer bee.
The killer bee is moderately wounded.
The killer bee barely misses you. You block the killer bee's attack.
You miss the killer bee. Your claw misses the killer bee.
The killer bee is moderately wounded.
The killer bee barely misses you. x2
You closely miss the killer bee.
The killer bee is moderately wounded.
The killer bee stings you but does no damage.
The killer bee closely misses you.
You hit the killer bee but do no damage.
The killer bee is moderately wounded.
The killer bee stings you!
* * * LOW HITPOINT WARNING * * *
The killer bee closely misses you.
You closely miss the killer bee.
The killer bee is moderately wounded.
You block the killer bee's attack. The killer bee stings you.
* * * LOW HITPOINT WARNING * * *
You miss the killer bee.
The killer bee is moderately wounded.
The killer bee stings you.
* * * LOW HITPOINT WARNING * * *
The killer bee stings you but does no damage.
You hit the killer bee.
The killer bee is heavily wounded.
The killer bee misses you. The killer bee stings you.
You die...
Your body crumbles into a pile of gold.

$ #... ##..# ###
.... ..# ..# #.#
#.# #y# #.###@# $
#...#$#
#######.>.#.#
#..###...........#
#......<.........#
....##.#####.#...#
... ... #.#...# $
. #### #.......
###......


You could see a killer bee.

Vanquished Creatures
  Grinder (D:3)
  Prince Ribbit (D:5)
  Sigmund (D:3)
  A water moccasin (D:6)
  A black bear (D:5)
  2 centaurs
  An ogre (D:5)
  A phantom (D:4)
  A bullfrog (D:4)
  2 necrophages
  A scorpion (D:6)
  3 killer bees (D:6)
  A howler monkey (D:4)
  A hound (D:5)
  A jelly (D:4)
  Jessica (D:3)
  An iguana (D:4)
  2 orc wizards (D:5)
  7 adders
  A white imp (D:5)
  A worm (D:3)
  4 dart slugs
  10 orcs
  10 bats
  6 endoplasms
  5 giant cockroaches
  7 goblins
  5 hobgoblins
  6 jackals (D:1)
  6 kobolds
  A quokka (D:2)
  10 ball pythons
  4 frilled lizards
  9 rats
115 creatures vanquished.

Notes
Turn   | Place    | Note
-------+----------+-------------------------------------------
     0 | D:1      | CertainDeath the Ghoul Gladiator began the quest for the
                  | Orb.
     0 | D:1      | Reached XP level 1. HP: 17/17 MP: 0/0
   101 | D:1      | Reached XP level 2. HP: 18/25 MP: 1/1
   102 | D:1      | Reached skill level 3 in Axes
   360 | D:1      | Found a faded altar of an unknown god.
   556 | D:1      | Reached XP level 3. HP: 30/30 MP: 2/2
   559 | D:1      | Reached skill level 1 in Armour
  1344 | D:3      | Noticed Sigmund
  1365 | D:3      | Killed Sigmund
  1366 | D:3      | Reached skill level 4 in Axes
  1366 | D:3      | Reached XP level 4. HP: 30/40 MP: 3/3
  1366 | D:3      | Reached XP level 5. HP: 34/46 MP: 4/4
  1463 | D:3      | Found an ancient bone altar of Kikubaaqudgha.
  1632 | D:3      | Reached XP level 6. HP: 43/52 MP: 5/5
  1684 | D:3      | Noticed Jessica
  1694 | D:3      | Killed Jessica
  1928 | D:3      | Got the Book of Petrous Glamour
  2037 | D:3      | Noticed Grinder
  2046 | D:3      | Paralysed by Grinder for 5 turns
  2067 | D:3      | Paralysed by Grinder for 5 turns
  2081 | D:3      | Killed Grinder
  2082 | D:3      | Reached skill level 5 in Axes
  2082 | D:3      | Reached XP level 7. HP: 45/60 MP: 6/6
  2235 | D:4      | Found Qiysonom's Antique Armour Emporium.
  2310 | D:4      | Found Nagesa Quing's Weapon Shop.
  2858 | D:5      | Entered Level 5 of the Dungeon
  2927 | D:4      | Reached skill level 6 in Axes
  3321 | D:4      | Found Inwid's General Store.
  3331 | D:4      | Reached skill level 5 in Fighting
  3546 | D:5      | Found a staircase to the Ecumenical Temple.
  3557 | Temple   | Entered the Ecumenical Temple
  3727 | Temple   | Became a worshipper of Gozag Ym Sagoz the Greedy
  3785 | D:4      | Reached XP level 8. HP: 68/68 MP: 7/7
  3795 | D:4      | Bought a potion of might for 40 gold pieces
  3828 | D:4      | Found Kogapood's General Store.
  3872 | D:4      | Found Caprauke's Magic Scroll Boutique.
  3880 | D:4      | Bought 3 scrolls of identify for 84 gold pieces
  3880 | D:4      | Bought a scroll of identify for 28 gold pieces
  4229 | D:5      | Reached skill level 7 in Axes
  4559 | D:6      | Reached skill level 8 in Axes
  4679 | D:5      | Noticed Prince Ribbit
  4701 | D:5      | Killed Prince Ribbit
  5090 | D:6      | Reached XP level 9. HP: 78/78 MP: 8/8
  5155 | D:6      | Slain by a killer bee

Illustrated notes

Levels and vault maps discovered:
D:1:      dpeg_arrival_triangle_fractal, layout_basic, basic_ecumenical_altar,
          minmay_3d_cube
D:2:      layout_loops_ring
D:3:      layout_loops_ring, mainiacjoe_overflow_24_doors,
          cheibrodos_sewer_entry_drain, minmay_fractal_squares_gapless_5,
          uniq_sigmund, uniq_jessica, uniq_grinder
D:4:      layout_loops_ring, serial_shops, nicolae_shop_bloodbath_and_beyond,
          shop, nicolae_stop_n_shop_2, nicolae_square_shop, shop_fountains
D:5:      layout_basic, minmay_temple_entry_statues_pillars, uniq_prince_ribbit1
D:6:      layout_loops_ring
D:7:      layout_rooms, uniq_crazy_yiuf_cottage
Temple:   dpeg_chambers_temple

Skill      XL: |  1  2  3  4  5  6  7  8  9 |
---------------+----------------------------+-----
Axes           | 3 4 5 6 8 |  8.7
Armour         | 2 |  2.6
Fighting       | 3 4 5 6 7 |  7.1
Throwing       | |  1.7
Dodging        | |  2.6

Action                   |  1- 3 |  4- 6 |  7- 9 || total
-------------------------+-------+-------+-------++-------
Melee: War axe           |   137 |    57 |   219 ||   413
       Punch             |       |       |     6 ||     6
Throw: Throwing net      |     3 |     1 |       ||     4
       Javelin           |       |     1 |       ||     1
Evoke: Wand              |       |     2 |       ||     2
  Use: Potion            |     1 |       |       ||     1
       Scroll            |       |       |    15 ||    15
 Stab: Paralysed         |       |     5 |       ||     5
       Distracted        |       |       |     1 ||     1
Armor: Ring mail         |    28 |       |       ||    28
       Leather armour    |     2 |       |       ||     2
       Scale mail        |    47 |       |       ||    47
       Chain mail        |       |    26 |   108 ||   134
Dodge: Dodged            |   105 |    21 |   111 ||   237
Block: Other             |       |       |    61 ||    61
       Reflection        |       |       |     3 ||     3

Table legend: (Time is in decaauts)
 A = Elapsed time spent in this place.
 B = Non-inter-level travel time spent in this place.
 C = Inter-level travel time spent in this place.
 D = Time resting spent in this place.
 E = Time spent auto-exploring this place.
 F = Levels seen in this place.
 G = Mean time per level.
                   A        B        C        D        E       F      G
               +--------+--------+--------+--------+--------+-----+--------+
         Total |   5264 |   5099 |    165 |    262 |   3346 |   8 |  658.0 |
       Dungeon |   5072 |   4927 |    145 |    262 |   3197 |   7 |  724.6 |
        Temple |    191 |    171 |     20 |      0 |    149 |   1 |  191.0 |
               +--------+--------+--------+--------+--------+-----+--------+

Top non-repeatable levels by time:
     D:4: 1175 daAuts
     D:3: 1123 daAuts
     D:1: 990 daAuts
     D:5: 952 daAuts
     D:2: 713 daAuts
  Temple: 191 daAuts
     D:6: 101 daAuts
     D:7: 14 daAuts
